 Dungeon Crawl Stone Soup version 0.30-a0-458-g86641cc369 (webtiles) character file.

Game seed: 12459255263806157592

107 HoaS the Skirmisher (level 5, -6/30 HPs)
             Began as a Kobold Hunter on Dec 14, 2022.
             Mangled by an ogre
             ... wielding a +0 giant spiked club
              (20 damage)
             ... on level 4 of the Dungeon.
             The game lasted 00:02:44 (2569 turns).

HoaS the Skirmisher (Kobold Hunter)                 Turns: 2569, Time: 00:02:45

Health: -6/30      AC:  5    Str:  9    XL:     5   Next: 11%
Magic:  5/5        EV: 14    Int: 10    God:
Gold:   180        SH:  0    Dex: 20    Spells: 4/4 levels left

rFire   . . .      SeeInvis .    a - +2 shortbow
rCold   . . .      Faith    .    (shield currently unavailable)
rNeg    . . .      Spirit   .    c - +0 leather armour
rPois   .          Reflect  .    (no helmet)
rElec   .          Harm     .    k - +0 cloak
rCorr   .          Rampage  .    l - +0 pair of gloves
Will    .....                    (no boots)
Stlth   +++.......               (no amulet)
HPRegen 0.25/turn                j - ring of flight
MPRegen 0.09/turn                (no ring)

@: flying
A: small, no large weapons, nightstalker 3
a: no special abilities


You were on level 4 of the Dungeon.
You visited 1 branch of the dungeon, and saw 4 of its levels.

You collected 180 gold pieces.

Inventory:

Hand Weapons
 a - a +2 shortbow (weapon)
Armour
 c - a +0 leather armour (worn)
 k - a +0 cloak (worn)
 l - a +0 pair of gloves (worn)
Jewellery
 j - a ring of flight (left hand)
Wands
 o - a wand of roots (10)
Scrolls
 b - a scroll of immolation
 f - a scroll of fear
 i - 4 scrolls of fog
Potions
 d - 2 potions of curing {unknown}
 e - 2 potions of degeneration {unknown}
 g - a potion of haste {unknown}
 h - 2 potions of resistance
 n - 2 potions of flight {unknown}


   Skills:
 - Level 2.1 Fighting
 + Level 8.0 Ranged Weapons
 - Level 2.4 Dodging
 - Level 1.3 Stealth


You had 4 spell levels left.
You didn't know any spells.
Your spell library contained the following spells:

 Spells                   Type           Power      Damage    Failure   Level
 Blink                    Tloc           0%         N/A       63%         2
 Momentum Strike          Conj/Tloc      0%         3d8       63%         2
 Lesser Beckoning         Tloc           0%         N/A       85%         3


Dungeon Overview and Level Annotations

Branches:
Dungeon (4/15)
 Temple: D:4-7

Altars:

Annotations:
D:2 Sigmund


Innate Abilities, Weirdness & Mutations

You are small and have problems with some larger weapons.
You are completely attuned to the shadows.


Message History

The jackal misses you.
The jackal bites you but does no damage.
Your Ranged Weapons skill increases to level 8!
You shoot an arrow. The arrow hits the jackal!
You kill the jackal!
No target in view!
You see here a jackal corpse.
There is an open door here.
HP restored.
There is an open door here.
Things that are here:
8 poisoned darts; a +0 dagger
There is an open door here.
There is a stone staircase leading down here.
You fly downwards.
There is a stone staircase leading up here.
Found a stone staircase leading down.
There is a stone staircase leading down here.
Found 2 stones.
A giant cockroach comes into view.
You shoot an arrow. The arrow hits the giant cockroach!
You kill the giant cockroach!
You hear a shout!
An ogre comes into view. It is wielding a +0 giant spiked club.
You shoot an arrow. The arrow hits the ogre.
The ogre is lightly wounded.
You shoot an arrow. The arrow hits the ogre!
The ogre is heavily wounded.
You shoot an arrow. The arrow hits the ogre!
The ogre is severely wounded.
You shoot an arrow. The arrow hits the ogre.
The ogre is almost dead.
The ogre hits you with a +0 giant spiked club!
Ouch! That really hurt!
You are too injured to fight recklessly!
You are too injured to fight recklessly!
You shoot an arrow. The arrow closely misses the ogre.
The ogre hits you with a +0 giant spiked club!!
Ouch! That really hurt!
You die...

### #.. ###.# #...#
#...†. #.### #..... #.#
#..... #.# #O.... #.#
#@.....# #.#.###
#......# #.#.#..
.#####......#####.#.#.#
............##..#.#....
.####...............#.#
#.##.#####..#.#....
#.##.....#..#.#...#
#.####.#.#..#.#.###
#+##........#.#...#


You could see an ogre.

Vanquished Creatures
  4 adders
  3 gnolls (D:3)
  An orc (D:3)
  5 bats
  4 endoplasms
  3 giant cockroaches
  2 hobgoblins (D:2)
  3 jackals (D:3)
  2 kobolds
  3 quokkas
  6 ball pythons
  2 frilled lizards (D:3)
  4 rats
42 creatures vanquished.

Notes
Turn   | Place    | Note
-------+----------+-------------------------------------------
     0 | D:1      | HoaS the Kobold Hunter began the quest for the Orb.
     0 | D:1      | Reached XP level 1. HP: 12/12 MP: 1/1
   174 | D:1      | Reached XP level 2. HP: 17/17 MP: 2/2
   270 | D:1      | Reached skill level 6 in Ranged Weapons
   887 | D:2      | Reached XP level 3. HP: 21/21 MP: 3/3
   962 | D:2      | Found a faded altar of an unknown god.
  1188 | D:2      | Noticed Sigmund
  1689 | D:3      | Reached skill level 7 in Ranged Weapons
  1689 | D:3      | Reached XP level 4. HP: 26/26 MP: 4/4
  2016 | D:3      | Reached XP level 5. HP: 30/30 MP: 5/5
  2398 | D:3      | Reached skill level 8 in Ranged Weapons
  2564 | D:4      | Noticed an ogre
  2569 | D:4      | Mangled by an ogre

Illustrated notes

Levels and vault maps discovered:
D:1:      dpeg_arrival_lava_temple_mockup, layout_basic,
          hangedman_decor_clover_reticule, minmay_misc_feat_roman
D:2:      layout_loops_ring, basic_ecumenical_altar, minmay_box_of_dots,
          uniq_sigmund
D:3:      layout_basic
D:4:      layout_basic, nemelex_dance_club_becter

Skill      XL: |  1  2  3  4  5 |
---------------+----------------+-----
Ranged Weapons | 6 7 8 |  8.0
Fighting       | |  2.1
Dodging        | |  2.4
Stealth        | |  1.3

Action                   |  1- 3 |  4- 6 || total
-------------------------+-------+-------++-------
 Fire: Shortbow          |    41 |    50 ||    91
  Use: Scroll            |     4 |     3 ||     7
Armor: Leather armour    |     3 |    12 ||    15
Dodge: Dodged            |     4 |    35 ||    39

Table legend: (Time is in decaauts)
 A = Elapsed time spent in this place.
 B = Non-inter-level travel time spent in this place.
 C = Inter-level travel time spent in this place.
 D = Time resting spent in this place.
 E = Time spent auto-exploring this place.
 F = Levels seen in this place.
 G = Mean time per level.
                   A        B        C        D        E       F      G
               +--------+--------+--------+--------+--------+-----+--------+
         Total |   2586 |   2450 |    136 |     44 |   2174 |   4 |  646.5 |
       Dungeon |   2586 |   2450 |    136 |     44 |   2174 |   4 |  646.5 |
               +--------+--------+--------+--------+--------+-----+--------+

Top non-repeatable levels by time:
     D:3: 884 daAuts
     D:1: 864 daAuts
     D:2: 693 daAuts
     D:4: 144 daAuts
